 Dungeon Crawl Stone Soup version 0.19.1 (webtiles) character file.

71666 Ladykiller69 the Fencer (level 14, 0/104 HPs)
             Began as a Minotaur Abyssal Knight on Dec 8, 2016.
             Was an Elder of Lugonu.
             Slain by a red devil
             ... wielding a +0 spear
              (7 damage)
             ... on level 14 of the Dungeon.
             The game lasted 01:34:47 (24619 turns).

Ladykiller69 the Fencer (Minotaur Abyssal Knight)  Turns: 24619, Time: 01:34:48

Health: 0/104      AC: 31    Str: 14      XL:     14   Next: 98%
Magic:  40/40      EV: 16    Int:  7 (9)  God:    Lugonu [****..]
Gold:   1010       SH:  0    Dex: 15      Spells: 0 memorised, 13 levels left

rFire  + + +     SeeInvis +     a - +2 great sword (slice)
rCold  x . .     Gourm    .     C - +1 fire dragon scales
rNeg   + . .     Faith    .     (shield currently unavailable)
rPois  +         Spirit   .     (helmet restricted)
rElec  .         Reflect  .     Z - +0 cloak of Noon {rF+ MP+9 Str-3 Stlth+}
rCorr  .         Harm     .     x - +3 pair of gauntlets of War {Slay+5}
MR     +....                    f - +2 pair of boots of the Forsaken Gods {rPois MP+9 SInv}
Stlth  +.........               (no amulet)
                                Y - ring of positive energy
                                b - ring of Robustness {AC+8}

@: no status effects
A: retaliatory headbutt, horns 2
a: Depart the Abyss, Bend Space, Banish, Corrupt, Renounce Religion


You were on level 14 of the Dungeon.
You worshipped Lugonu.
Lugonu was greatly pleased with you.
You were not hungry.

You visited 3 branches of the dungeon, and saw 21 of its levels.
You visited the Abyss 4 times.
You also visited: Labyrinth and Volcano.

You collected 1485 gold pieces.
You spent 475 gold pieces at shops.

Inventory:

Hand Weapons
 a - a +2 great sword of slicing (weapon)
 r - a +0 arbalest of flaming
 y - the +9 shortbow of Animal Spirits {freeze, +Fly SInv}
   (You found it on level 4 of the Lair of Beasts)

   It causes projectiles fired from it to freeze those they strike, causing
   extra injury to most foes and up to half again as much damage against
   particularly susceptible opponents.
   They can also slow down cold-blooded creatures.
   It lets you see invisible.
   It lets you fly.
 z - a +2 scimitar of flaming
Missiles
 q - 296 arrows
 t - 7 javelins
 v - 23 tomahawks (quivered)
 E - 122 bolts
 V - 5 throwing nets
Armour
 f - the +2 pair of boots of the Forsaken Gods (worn) {rPois MP+9 SInv}
   (You found it on level 4 of the Dungeon)

   It protects you from poison.
   It affects your magic capacity (+9).
   It lets you see invisible.
 x - the +3 pair of gauntlets of War (worn) {Slay+5}
   (You bought it in a shop on level 4 of the Dungeon)

   It affects your accuracy and damage with ranged weapons and melee attacks
   (+5).
 C - +1 fire dragon scales (worn)
 Z - the +0 cloak of Noon (worn) {rF+ MP+9 Str-3 Stlth+}
   (You found it on level 8 of the Dungeon)

   It affects your strength (-3).
   It protects you from fire.
   It affects your magic capacity (+9).
   It makes you more stealthy.
Jewellery
 b - the ring of Robustness (left hand) {AC+8}
   (You found it in a labyrinth)

   [ring of protection]

   It affects your AC (+8).
 s - an uncursed ring of ice
 Y - a ring of positive energy (right hand)
Wands
 B - a wand of lightning (9/15)
 T - a wand of iceblast (8/15)
 W - a wand of acid (6/15)
Scrolls
 d - 3 scrolls of magic mapping
 h - 7 scrolls of identify
 j - 14 scrolls of teleportation
 k - a scroll of summoning
 l - a scroll of brand weapon
 m - 3 scrolls of recharging
 n - 2 scrolls of blinking
 o - 5 scrolls of fog
 u - 2 scrolls of enchant weapon
 w - 6 scrolls of amnesia
 I - 4 scrolls of remove curse
 P - 5 scrolls of fear
 Q - 2 scrolls of enchant armour
 S - a scroll of holy word
Potions
 e - 2 potions of brilliance
 i - 3 potions of heal wounds
 A - 2 potions of haste
 D - 2 potions of ambrosia
 F - 3 potions of cancellation
 G - 6 potions of flight
 H - a potion of beneficial mutation
 K - 2 potions of curing
 L - a potion of cure mutation
 M - a potion of resistance
 O - a potion of invisibility
 R - 5 potions of berserk rage
 U - a potion of agility
 X - 3 potions of lignification
Books
 N - a book of Callings

   Spells                             Type                      Level
   a - Summon Small Mammal            Summoning                    1
   b - Call Imp                       Summoning                    2
   c - Call Canine Familiar           Summoning                    3
   d - Summon Guardian Golem          Hexes/Summoning              3
   e - Summon Lightning Spire         Summoning/Air                4
   f - Summon Ice Beast               Ice/Summoning                4
Miscellaneous
 J - a fan of gales
Comestibles
 c - 12 bread rations
 g - 9 meat rations
 p - 17 fruits


   Skills:
 - Level 4.1 Fighting
 * Level 19.1 Long Blades
 + Level 13.8 Armour
 + Level 12.8 Dodging
 + Level 12.3 Invocations


You had 13 spell levels left.
You didn't know any spells.

Dungeon Overview and Level Annotations

Branches:
Dungeon (14/15)            Temple (0/1) D:4            Lair (6/6) D:11
  Swamp (0/4) Lair:3       Spider (0/4) Lair:4        Slime (0/5) Lair:5
    Orc (1/2) D:10
 Vaults: D:13-14

Altars:
Ashenzari
Fedhas
Hepliaklqana
Kikubaaqudgha
Nemelex Xobeh
Ru
Sif Muna
Trog
Vehumet
Xom
Zin

Shops:
D:4 [

Portals:
Trove: D:11 (give +4 demon whip)

Annotations:
D:11 1 runed door
Lair:4 exclusion: oklob plant


Innate Abilities, Weirdness & Mutations

You reflexively headbutt those who attack you in melee.
You have a pair of horns on your head.


Message History

* * * LOW HITPOINT WARNING * * *
You are no longer corroded.
The red devil hops backward while attacking.
The red devil hits you from afar with a spear!
* * * LOW HITPOINT WARNING * * *
A red devil comes into view. It is wielding a spear.
You see here 6 gold pieces.
You slash the red devil!
The red devil is heavily wounded.
The red devil barely misses you.
You riposte.
You slash the red devil!
The red devil is almost dead.
You slash the red devil!
You kill the red devil!
Lugonu accepts your kill.
You see here an enchanted trident.
The red devil hits you but does no damage.
You see here 6 gold pieces.
The red devil hops backward while attacking.
The red devil hits you from afar with a spear!
You die...

..# # ≈... . ≈..#.#
...#.# #.... ...#
#.## ###.# u###.(.##
##.@.## u...≈..#
#..≈$4#
#.$≈≈.#.#(≈§).#
#..........(%.#
###.##.#.....####..#
#.........#######†.#
#.# ##(.†).)))..#
#.# #.#######(##
#.#######.#### #.#


You could see a red devil.

Vanquished Creatures
  A stone giant (Volcano)
  A great orb of eyes (Abyss:1)
  An ogre mage (D:13)
  A minotaur (Lab)
  Harold (Lair:4)
  8 hydras
  Erica (D:9)
  A centaur warrior (D:13)
  3 catoblepae (Lair:6)
  11 death yaks
  A deep troll shaman (Lair:6)
  A tengu warrior (D:13)
  A sixfirhy (Abyss:1)
  An unseen horror (D:11)
  4 hill giants
  A large abomination (Abyss:1)
  An orc knight (D:14)
  A lindwurm (Lair:6)
  Pikel (D:4)
  A manticore (D:12)
  3 cyclopes
  5 ugly things (D:14)
  2 deep elf magi (D:13)
  A centaur zombie (D:10)
  3 black mambas
  12 elephants
  9 spiny frogs
  An orange demon (Abyss:1)
  A torpor snail (Lair:4)
  An efreet (Volcano)
  A kobold demonologist (D:11)
  4 komodo dragons
  3 rime drakes
  2 trolls
  2 red devils (D:14)
  A minotaur zombie (Lab)
  A tengu conjurer (D:13)
  3 two-headed ogres
  4 slime creatures
  3 polar bears
  5 dream sheep (Lair:4)
  A hornet (Lair:4)
  15 blink frogs
  8 hippogriffs
  2 meliai zombies
  A wyvern (Lair:3)
  31 yaks
  2 fire elementals (Volcano)
  15 vampire mosquitoes
  4 hogs
  A human (D:7)
  A neqoxec (Abyss:1)
  A steam dragon (Lair:3)
  2 basilisks
  12 fire bats
  A warg (D:10)
  11 water moccasins
  5 porcupines
  3 small abominations (Abyss:1)
  10 orc warriors
  2 ice beasts
  5 phantoms
  The ghost of Ladykiller69 the Skirmisher, an amateur MiAK of Lugonu (D:3)
  A black bear (Lair:6)
  4 sky beasts
  9 ogres
  12 wolves
  2 eyes of draining
  15 centaurs
  10 crocodiles
  3 big kobolds
  19 bullfrogs
  A wyvern zombie (D:8)
  An earth elemental (Volcano)
  10 scorpions
  10 killer bees
  An electric eel (Lair:3)
  3 howler monkeys
  9 crimson imps
  9 lava snakes (Volcano)
  2 quasits
  A bullfrog zombie (D:6)
  9 hounds
  6 jellies
  13 orc wizards
  5 orc priests
  2 centaur skeletons
  A bullfrog skeleton (D:11)
  An iguana (D:6)
  14 worker ants
  A worker ant zombie (D:10)
  3 gnolls (D:6)
  13 adders
  2 howler monkey skeletons
  A tengu simulacrum (Abyss:1)
  3 shadow imps
  2 oozes
  An adder zombie (D:5)
  An adder skeleton (D:5)
  3 worms
  A dart slug (D:2)
  6 leopard geckos
  48 orcs
  2 ball pythons
  13 giant cockroaches
  12 hobgoblins
  6 jackals
  2 quokkas
  4 bats
  3 frilled lizards
  4 goblins
  20 kobolds
  3 quokka skeletons
  3 rats
  A bush (D:12)
  A fungus (Lair:6)
  A plant (Lair:1)
576 creatures vanquished.

Vanquished Creatures (others)
  A vampire (D:10)
  An orc wizard (D:8)
  A hound skeleton (D:10)
  An orc (D:4)
  3 fungi
  2 plants
9 creatures vanquished.

Grand Total: 585 creatures vanquished

Notes
Turn   | Place    | Note
-------+----------+-------------------------------------------
     0 | Abyss:1  | Ladykiller69 the Minotaur Abyssal Knight began the quest for the Orb.
     0 | Abyss:1  | Reached XP level 1. HP: 19/19 MP: 1/1
    46 | Abyss:2  | Noticed a raiju
    46 | Abyss:2  | Noticed a raiju
    47 | Abyss:2  | Noticed a raiju
    48 | D:1      | Escaped the Abyss
    84 | D:1      | Reached * piety under Lugonu
   197 | D:1      | Reached XP level 2. HP: 27/27 MP: 2/2
   675 | D:2      | Reached skill level 3 in Long Blades
   930 | D:2      | Reached XP level 3. HP: 30/33 MP: 3/3
  1318 | D:3      | Noticed Ladykiller69's ghost (amateur MiAK)
  1959 | D:3      | Found a radiant altar of Vehumet.
  2588 | D:4      | Reached XP level 4. HP: 40/40 MP: 4/4
  2657 | D:4      | Got a pair of steaming boots
  2668 | D:4      | Identified the +2 pair of boots of the Forsaken Gods {rPois MP+9 SInv} (You found it on level 4 of the Dungeon)
  2685 | D:4      | Noticed an ogre
  2692 | D:3      | Reached skill level 4 in Long Blades
  2759 | D:4      | Found a bloodstained altar of Trog.
  2827 | D:4      | Found a deep blue altar of Sif Muna.
  2888 | D:4      | Noticed a phantom
  2931 | D:4      | HP: 2/40 [phantom (2)]
  3327 | D:4      | Killed a phantom
  3327 | D:4      | Reached XP level 5. HP: 22/46 MP: 6/6
  3510 | D:4      | Killed an ogre
  3510 | D:4      | Reached skill level 5 in Long Blades
  3510 | D:4      | Reached XP level 6. HP: 33/52 MP: 7/7
  3622 | D:4      | Found a sacrificial altar of Ru.
  3627 | D:4      | Noticed Pikel
  3627 | D:4      | Noticed a slave
  3628 | D:4      | Noticed a slave
  3628 | D:4      | Noticed a slave
  3628 | D:4      | Noticed a slave
  3707 | D:3      | Killed Ladykiller69's ghost
  3707 | D:3      | Reached ** piety under Lugonu
  3928 | D:4      | Reached XP level 7. HP: 49/59 MP: 8/8
  3949 | D:4      | Reached skill level 6 in Long Blades
  4092 | D:4      | Found Doelel's Armour Emporium.
  4119 | D:4      | Found a shimmering altar of Xom.
  4120 | D:4      | Found a hazy altar of Hepliaklqana.
  4120 | D:4      | Noticed a yak
  4121 | D:4      | Noticed a spectral ugly thing
  4121 | D:4      | Noticed a yak
  4157 | D:4      | Killed Pikel
  4157 | D:4      | Reached skill level 7 in Long Blades
  4157 | D:4      | Reached skill level 5 in Armour
  4157 | D:4      | Reached XP level 8. HP: 64/66 MP: 10/10
  4192 | D:4      | Found a staircase to the Ecumenical Temple.
  4240 | D:5      | Entered Level 5 of the Dungeon
  4449 | D:5      | Found a shattered altar of Ashenzari.
  4509 | D:5      | Noticed a hippogriff
  4521 | D:5      | Killed a hippogriff
  4876 | D:5      | Reached skill level 8 in Long Blades
  4898 | D:5      | Reached skill level 5 in Invocations
  4952 | D:5      | Reached skill level 5 in Dodging
  4971 | D:5      | Found a glowing silver altar of Zin.
  5372 | D:6      | Reached skill level 9 in Long Blades
  5821 | D:6      | Reached XP level 9. HP: 71/71 MP: 12/12
  5897 | D:6      | Found a sparkling altar of Nemelex Xobeh.
  6700 | D:7      | Reached *** piety under Lugonu
  7067 | D:7      | Found a blossoming altar of Fedhas.
  7067 | D:7      | Found an ancient bone altar of Kikubaaqudgha.
  7294 | D:7      | Reached skill level 10 in Long Blades
  8094 | D:8      | Got a slimy cloak
  8100 | D:8      | Identified the cursed +0 cloak of Noon {rF+ MP+9 Str-3 Stlth+} (You found it on level 8 of the Dungeon)
  8166 | D:8      | You fall through a shaft!
  8170 | D:9      | Noticed Erica
  8360 | D:8      | Reached skill level 11 in Long Blades
  8500 | D:8      | Reached XP level 10. HP: 29/78 MP: 14/14
  9419 | D:7      | Reached **** piety under Lugonu
 10174 | D:9      | Killed Erica
 10174 | D:9      | Reached skill level 12 in Long Blades
 10204 | D:9      | Gained mutation: You are covered in fur. (AC +1) [potion of mutation]
 10204 | D:9      | Gained mutation: You are dopey. (Int -2) [potion of mutation]
 10204 | D:9      | Gained mutation: Your body sometimes deteriorates upon taking damage. [potion of mutation]
 10206 | D:9      | Lost mutation: Your body sometimes deteriorates upon taking damage. [potion of cure mutation]
 10206 | D:9      | Lost mutation: You are dopey. (Int -2) [potion of cure mutation]
 10206 | D:9      | Lost mutation: You are covered in fur. (AC +1) [potion of cure mutation]
 10944 | D:10     | Entered Level 10 of the Dungeon
 10986 | D:10     | Noticed a cyclops
 11165 | D:10     | Reached ***** piety under Lugonu
 11236 | D:10     | Found a staircase to the Orcish Mines.
 11286 | Orc:1    | Entered Level 1 of the Orcish Mines
 11286 | Orc:1    | Noticed an orc sorcerer
 11289 | Orc:1    | Paralysed by an orc sorcerer for 2 turns
 11325 | D:10     | Killed a cyclops
 11325 | D:10     | Reached XP level 11. HP: 74/84 MP: 16/16
 11378 | D:10     | Noticed a hill giant
 11393 | D:10     | Killed a hill giant
 11655 | D:10     | Reached skill level 13 in Long Blades
 11879 | D:10     | Noticed a hill giant
 11891 | D:10     | Killed a hill giant
 12535 | D:11     | Cast into level 1 of the Abyss (orc)
 12657 | Abyss:2  | Noticed a rakshasa
 12677 | Abyss:2  | Noticed a wretched star
 12678 | D:11     | Escaped the Abyss
 12994 | D:11     | Found a staircase to the Lair.
 13087 | D:11     | Found a runed door.
 13089 | D:11     | Found a runed door.
 13203 | D:9      | Reached skill level 10 in Armour
 13353 | D:4      | Bought the +3 pair of gauntlets of War {Slay+5} for 475 gold pieces
 13689 | D:11     | Noticed an unseen horror
 13689 | D:11     | Found a portal to a secret trove of treasure.
 13691 | D:11     | Killed an unseen horror
 13711 | D:11     | Reached skill level 14 in Long Blades
 13895 | Lair:1   | Entered Level 1 of the Lair of Beasts
 13998 | Lair:1   | Noticed an eight-headed hydra
 14085 | Lair:1   | Killed a four-headed hydra
 14171 | Lair:1   | Reached XP level 12. HP: 91/91 MP: 17/17
 14485 | Lair:1   | Gained mutation: Armour fits poorly on your strangely shaped body. [potion of mutation]
 14485 | Lair:1   | Gained mutation: You are dopey. (Int -2) [potion of mutation]
 14485 | Lair:1   | Gained mutation: You are robust. (+10% HP) [potion of mutation]
 14486 | Lair:1   | Lost mutation: Armour fits poorly on your strangely shaped body. [potion of cure mutation]
 14486 | Lair:1   | Lost mutation: You are dopey. (Int -2) [potion of cure mutation]
 14486 | Lair:1   | Lost mutation: You are robust. (+10% HP) [potion of cure mutation]
 14909 | Lair:2   | Noticed a six-headed hydra
 14916 | Lair:2   | Killed a three-headed hydra
 15013 | Lair:2   | Reached skill level 10 in Dodging
 15019 | Lair:2   | Reached skill level 15 in Long Blades
 16025 | Lair:3   | Found a staircase to the Swamp.
 16074 | Lair:3   | Reached ****** piety under Lugonu
 16079 | Lair:3   | Reached skill level 10 in Invocations
 16573 | Lair:4   | Noticed a six-headed hydra
 16586 | Lair:4   | Killed a three-headed hydra
 16742 | Lair:4   | Noticed Harold
 16771 | Lair:4   | Killed Harold
 16808 | Lair:4   | Found a runed door.
 16814 | Lair:4   | Noticed a four-headed hydra
 16824 | Lair:4   | Killed a one-headed hydra
 16836 | Lair:4   | Got an ichor-stained shortbow
 16837 | Lair:4   | Identified the +9 shortbow of Animal Spirits {freeze, +Fly SInv} (You found it on level 4 of the Lair of Beasts)
 17136 | Lair:4   | Reached skill level 16 in Long Blades
 17236 | Lair:4   | Found a hole to the Spider Nest.
 17296 | Lair:4   | Reached XP level 13. HP: 96/96 MP: 19/19
 18036 | Lair:5   | Found a staircase to the Slime Pits.
 18149 | Lair:5   | Found a dark tunnel.
 18154 | Volcano  | Entered a volcano
 18658 | Volcano  | Noticed a stone giant
 18683 | Volcano  | Killed a stone giant
 18688 | Volcano  | Reached skill level 17 in Long Blades
 18709 | Volcano  | Found a bloodstained altar of Trog.
 19981 | Lair:6   | Entered Level 6 of the Lair of Beasts
 20006 | Lair:6   | Found a labyrinth entrance.
 20071 | Lab      | Entered a labyrinth
 20800 | Lab      | Noticed a minotaur
 20808 | Lab      | Killed a minotaur
 20808 | Lab      | Reached XP level 14. HP: 98/104 MP: 21/21
 20858 | Lab      | Got a heavily runed ring mail
 20869 | Lab      | Identified the +2 ring mail of the Gastropod {+Fly rCorr Str-2} (You found it in a labyrinth)
 21395 | Lair:6   | Reached skill level 18 in Long Blades
 22311 | Lair:6   | Found a deep blue altar of Sif Muna.
 23089 | D:12     | Gained mutation: You are weak. (Str -2) [potion of mutation]
 23089 | D:12     | Gained mutation: You occasionally shout uncontrollably at your foes. [potion of mutation]
 23090 | D:12     | Lost mutation: You are weak. (Str -2) [potion of cure mutation]
 23090 | D:12     | Lost mutation: You occasionally shout uncontrollably at your foes. [potion of cure mutation]
 24002 | D:13     | Escaped the Abyss
 24321 | Abyss:1  | Noticed an angel
 24367 | Abyss:1  | Noticed a daeva
 24376 | D:13     | Escaped the Abyss
 24558 | D:14     | Reached skill level 19 in Long Blades
 24619 | D:14     | Slain by a red devil

Skill      XL: |  1  2  3  4  5  6  7  8  9 10 11 12 13 14 |
---------------+-------------------------------------------+-----
Invocations    | 2 3 4 5 6 8 9 10 11 12 | 12.3
Long Blades    | 3 4 5 7 9 11 12 14 16 17 19 | 19.1
Fighting       | 4 |  4.1
Armour         | 3 4 5 6 7 9 10 11 12 13 | 13.8
Dodging        | 2 3 4 5 6 8 9 10 11 12 | 12.8

Action                   |  1- 3 |  4- 6 |  7- 9 | 10-12 | 13-15 || total
-------------------------+-------+-------+-------+-------+-------++-------
Melee: Falchion          |    83 |   109 |   386 |   189 |       ||   767
       Headbutt          |     9 |    22 |    86 |   197 |   200 ||   514
       Scimitar          |       |       |       |   582 |   291 ||   873
       Great sword       |       |       |       |       |   377 ||   377
 Fire: Shortbow          |       |       |    67 |    60 |    42 ||   169
Throw: Stone             |     2 |    14 |     3 |       |       ||    19
       Tomahawk          |       |       |     2 |     7 |       ||     9
Invok: Depart the Abyss  |     1 |       |       |     1 |     1 ||     3
       Enter the Abyss   |       |       |       |       |     2 ||     2
  Use: Potion            |       |       |     4 |     7 |     4 ||    15
       Scroll            |       |       |       |    25 |     6 ||    31
  Eat: Chunk             |     4 |     6 |    14 |    21 |    11 ||    56
       Beef jerky        |       |       |       |     8 |       ||     8
       Meat ration       |       |       |       |       |     2 ||     2
       Pizza             |       |       |       |       |     1 ||     1
Armor: Leather armour    |    21 |    33 |    86 |       |       ||   140
       Plate armour      |       |       |    29 |   424 |       ||   453
       Fire dragon scale |       |       |       |    44 |   350 ||   394
Dodge: Dodged            |    46 |    68 |   208 |   404 |   478 ||  1204
       Rpst.: Falchion   |    22 |    20 |    55 |    21 |       ||   118
       Scimitar          |       |       |       |    71 |    48 ||   119
       Great sword       |       |       |       |       |    72 ||    72
